 Dungeon Crawl Stone Soup version 0.31-a0-986-g5e6e4ef867 (webtiles) character file.

Game seed: 12851224530429358460

2 promet the Shield-Bearer (level 1, -8/20 HPs)
             Began as a Minotaur Fighter on Nov 16, 2023.
             Killed by an exploding jackal (24 damage)
             ... ignited by their inner flame
             ... on level 1 of the Dungeon.
             The game lasted 00:01:06 (158 turns).

promet the Shield-Bearer (Minotaur Fighter)          Turns: 158, Time: 00:01:09

Health: -8/20      AC:  6    Str: 20    XL:     1   Next: 25%
Magic:  0/0        EV:  9    Int:  5    God:
Gold:   0          SH:  4    Dex:  9    Spells: 0/0 levels left

rFire   . . .        e - +1 spear (heavy)
rCold   . . .        c - +0 buckler
rNeg    . . .        b - +0 scale mail
rPois   .            (helmet restricted)
rElec   .            (no cloak)
rCorr   .            (no gloves)
SInv    .            (no boots)
Will    .....        (no amulet) Stlth
                     (no ring)
HPRegen 0.23/turn    (no ring)
MPRegen 0.07/turn

%: no passive effects
@: no status effects
A: horns 2, retaliatory headbutt
a: no special abilities


You were on level 1 of the Dungeon.
You visited 1 branch of the dungeon, and saw 1 of its levels.

Inventory:

Hand Weapons
 a - a +0 war axe
 e - a +1 heavy spear (weapon)
Missiles
 g - 5 stones
Armour
 b - a +0 scale mail (worn)
 c - a +0 buckler (worn)
Potions
 d - a potion of might


   Skills:
 + Level 3.6 Fighting
 + Level 2.4 Axes
 + Level 3.6 Armour
 + Level 3.7 Shields


You couldn't memorise any spells.
You didn't know any spells.
Your spell library was empty.

Dungeon Overview and Level Annotations

Branches:
Dungeon (1/15)

Altars:


Innate Abilities, Weirdness & Mutations

You have a pair of horns on your head.
You reflexively headbutt those who attack you in melee.


Message History

Found 5 stones.
You see here 5 stones.
g - 5 stones A rat comes into view.
Found a plate armour.
The rat bites you but does no damage.
You hit the rat.
You kill the rat!
You see here a +0 plate armour.
A bat comes into view.
The bat hits you.
You puncture the bat!
You kill the bat!
You see here a bat corpse.
A malevolent force fills the Dungeon... and a teleportation trap spontaneously manifests!
You are yanked towards some nearby monsters!
Your surroundings suddenly seem different.
A dart slug, a rat, a hobgoblin and 3 jackals come into view.
Found 10 gold pieces and 3 stones.
The hobgoblin shouts!
The jackal barks! x3
As you read the scroll labelled MICWOCK JETU, it crumbles to dust.
The creatures around you are filled with an inner flame!
It was a scroll of immolation.
The dart slug launches a dart at you. The slug dart hits you.
The jackal closely misses you. You furiously retaliate!
You headbutt the jackal, but do no damage.
The rat bites you but does no damage. The jackal attacks as it pursues you!
The jackal closely misses you. The jackal attacks as it pursues you!
The jackal bites you but does no damage.
The jackal bites you. The jackal attacks as it pursues you!
The jackal barely misses you. The rat bites you but does no damage.
The jackal bites you but does no damage. x2
The jackal bites you. The jackal barely misses you. You furiously retaliate!
You headbutt the jackal.
The jackal explodes!
The fiery explosion engulfs the jackal!!! x2
The fiery explosion engulfs you!!
Ouch! That really hurt!
You die...

## ... ....
#######.....
#....(......
#.r.@§....#
#....§....# #####
#.w§g.......###...###
#.........###.......#
#.........##.........
#...$.....##....⌠....
#.........##.........
#.........###.......#
#........ ###...###


You could see a dart slug (inner flame), a hobgoblin (inner flame) and a rat
(inner flame).

Vanquished Creatures
  A bat (D:1)
  3 jackals (D:1)
  A rat (D:1)
5 creatures vanquished.

Notes
Turn   | Place    | Note
-------+----------+-------------------------------------------
     0 | D:1      | promet the Minotaur Fighter began the quest for the Orb.
     0 | D:1      | Reached XP level 1. HP: 19/19 MP: 0/0
   158 | D:1      | Killed by an exploding jackal... ignited by their inner
                  | flame

Illustrated notes

Levels and vault maps discovered:
D:1:      dpeg_arrival_three_same_balls, layout_basic, minmay_pentomino_p4

Action                     || total
---------------------------++-------
  Melee: Spear             ||     2
    Use: Scroll            ||     1
 Armour: Scale mail        ||    11
  Dodge: Dodged            ||     4

Table legend: (Time is in decaauts)
 A = Elapsed time spent in this place.
 B = Non-inter-level travel time spent in this place.
 C = Inter-level travel time spent in this place.
 D = Time resting spent in this place.
 E = Time spent auto-exploring this place.
 F = Levels seen in this place.
 G = Mean time per level.
                   A        B        C        D        E       F      G
               +--------+--------+--------+--------+--------+-----+--------+
         Total |    158 |    158 |      0 |      0 |     63 |   1 |  158.0 |
       Dungeon |    158 |    158 |      0 |      0 |     63 |   1 |  158.0 |
               +--------+--------+--------+--------+--------+-----+--------+

Top non-repeatable levels by time:
     D:1: 158 daAuts
